 Dungeon Crawl Stone Soup version 0.28-a0-479-g5baa6b73be (webtiles) character file.

Game seed: 13556709197719456025

121 IdlyInterested the Shield-Bearer (level 5, -1/33 HPs)
             Began as a Gargoyle Fighter on Sept 17, 2021.
             Slain by a hobgoblin (5 damage)
             ... on level 2 of the Dungeon.
             The game lasted 00:04:07 (1278 turns).

IdlyInterested the Shield-Bearer (Gargoyle Fighter) Turns: 1278, Time: 00:04:08

Health: -1/33      AC: 10    Str: 20    XL:     5   Next: 5%
Magic:  5/5        EV: 10    Int:  8    God:
Gold:   51         SH:  4    Dex: 10    Spells: 4/4 levels left

rFire   . . .      SeeInvis .   g - +0 whip
rCold   . . .      Faith    .   c - +0 buckler
rNeg    + . .      Spirit   .   b - +0 scale mail
rPois   ∞          Reflect  .   (no helmet)
rElec   +          Harm     .   (no cloak)
rCorr   .          Rampage  .   (no gloves)
Will    .....                   (no boots)
Stlth   ..........              (no amulet)
HPRegen 0.11/turn               (no ring)
MPRegen 0.09/turn               (no ring)

@: no status effects
A: sickness immunity, AC +4, negative energy resistance 1, electricity
resistance, torment resistance 1, petrification resistance
a: no special abilities


You were on level 2 of the Dungeon.
You visited 1 branch of the dungeon, and saw 2 of its levels.

You collected 51 gold pieces.

Inventory:

Hand Weapons
 a - a +0 flail
 g - a +0 whip (weapon)
Missiles
 e - 52 stones (quivered)
Armour
 b - a +0 scale mail (worn)
 c - a +0 buckler (worn)
 h - a +0 chain mail
 i - a +0 pair of boots
Potions
 d - a potion of might
 f - a potion of haste {unknown}
 j - 2 potions of curing


   Skills:
 + Level 3.9 Fighting
 * Level 3.7 Maces & Flails
 - Level 3.2 Armour
 - Level 1.0 Dodging
 + Level 4.0 Shields


You had 4 spell levels left.
You didn't know any spells.
Your spell library was empty.

Dungeon Overview and Level Annotations

Branches:
Dungeon (2/15)

Altars:


Innate Abilities, Weirdness & Mutations

You are immune to sickness and miasma.
Your stone body is resilient. (AC +4)
You are immune to poison.
You resist negative energy. (rN+)
You are resistant to electric shocks. (rElec)
You are resistant to unholy torment.
You are immune to petrification.


Message History

The hobgoblin hits you with a +0 quarterstaff.
The adder completely misses you.
You hit the adder.
The adder is moderately wounded.
The hobgoblin barely misses you. The adder bites you but does no damage.
You hit the adder but do no damage.
The adder is moderately wounded.
The adder bites you but does no damage.
The hobgoblin hits you but does no damage.
You closely miss the adder.
The adder is moderately wounded.
The adder bites you but does no damage.
The hobgoblin hits you with a +0 quarterstaff!
You hit the adder.
The adder is heavily wounded.
The adder closely misses you.
You barely miss the adder.
The adder is heavily wounded.
The adder misses you. The hobgoblin barely misses you.
You closely miss the adder.
The adder is heavily wounded.
You block the adder's attack. The hobgoblin barely misses you.
The adder barely misses you.
You hit the adder.
The adder is almost dead.
The hobgoblin misses you. You block the adder's attack.
You hit the adder.
You kill the adder!
The hobgoblin hits you with a +0 quarterstaff.
You have reached level 5!
You hit the hobgoblin but do no damage.
The hobgoblin hits you with a +0 quarterstaff!
You hit the hobgoblin but do no damage.
The hobgoblin hits you with a +0 quarterstaff!
* * * LOW HITPOINT WARNING * * *
You hit the hobgoblin but do no damage. You block the hobgoblin's attack.
You hit the hobgoblin.
The hobgoblin is severely wounded.
The hobgoblin hits you with a +0 quarterstaff.
You die...

.## #.... ... ##........
..## #.........
....##.....?... .###
...............
....####.............
........##...........
..............g......
............@†....##
##.....†...........
####..................
.........)..>.........
..###<#....#............
...........##...........
..####....##..##.......
##....#...##......
#######.#......##.....


You could see a hobgoblin.

Vanquished Creatures
  Natasha (thrice) (D:2)
  An adder (D:2)
  3 dart slugs
  2 ball pythons (D:1)
  6 endoplasms (D:1)
  A giant cockroach (D:1)
  4 goblins
  3 hobgoblins (D:1)
  A quokka (D:1)
  A frilled lizard (D:1)
  4 kobolds
  3 rats
32 creatures vanquished.

Notes
Turn   | Place    | Note
-------+----------+-------------------------------------------
     0 | D:1      | IdlyInterested the Gargoyle Fighter began the quest for the
                  | Orb.
     0 | D:1      | Reached XP level 1. HP: 14/14 MP: 1/1
   152 | D:1      | Reached XP level 2. HP: 19/19 MP: 2/2
   748 | D:1      | Reached XP level 3. HP: 23/23 MP: 3/3
  1006 | D:2      | Noticed Natasha
  1026 | D:2      | Killed Natasha
  1027 | D:2      | Reached skill level 4 in Shields
  1027 | D:2      | Reached XP level 4. HP: 18/29 MP: 4/4
  1066 | D:2      | Noticed Natasha
  1080 | D:2      | Killed Natasha
  1226 | D:2      | Noticed Natasha
  1236 | D:2      | Killed Natasha
  1237 | D:2      | Reached skill level 1 in Dodging
  1275 | D:2      | Reached XP level 5. HP: 21/33 MP: 5/5
  1278 | D:2      | Slain by a hobgoblin

Illustrated notes

Levels and vault maps discovered:
D:1:      dpeg_arrival_simpleton_c, layout_loops_cross
D:2:      layout_rooms, basic_altar, hellmonk_ecumenical_altar_crossroads,
          uniq_natasha

Skill      XL: |  1  2  3  4 |
---------------+-------------+-----
Shields        | 4 |  4.0
Maces & Flails | 3 |  3.7
Dodging        | 1 |  1.0
Fighting       | |  3.9
Armour         | |  3.2

Action                   |  1- 3 |  4- 6 || total
-------------------------+-------+-------++-------
Melee: Flail             |    80 |    18 ||    98
       Whip              |    13 |    26 ||    39
  Use: Scroll            |     2 |       ||     2
       Potion            |     2 |       ||     2
Armor: Scale mail        |    57 |    12 ||    69
Dodge: Dodged            |    41 |    20 ||    61
Block: Buckler           |    26 |    12 ||    38

Table legend: (Time is in decaauts)
 A = Elapsed time spent in this place.
 B = Non-inter-level travel time spent in this place.
 C = Inter-level travel time spent in this place.
 D = Time resting spent in this place.
 E = Time spent auto-exploring this place.
 F = Levels seen in this place.
 G = Mean time per level.
                   A        B        C        D        E       F      G
               +--------+--------+--------+--------+--------+-----+--------+
         Total |   1338 |   1318 |     20 |    407 |    567 |   2 |  669.0 |
       Dungeon |   1338 |   1318 |     20 |    407 |    567 |   2 |  669.0 |
               +--------+--------+--------+--------+--------+-----+--------+

Top non-repeatable levels by time:
     D:1: 989 daAuts
     D:2: 348 daAuts
